 Dungeon Crawl Stone Soup version 0.31-a0-844-gdc52ec4e09 (webtiles) character file.

Game seed: 8639748213388043655

1006 senseless the Ruffian (level 7, 0/46 (59) HPs)
             Began as a Demigod Shapeshifter on Sept 28, 2023.
             Slain by a wight
             ... wielding a +4 halberd
              (9 damage)
             ... on level 5 of the Dungeon.
             The game lasted 00:09:57 (4195 turns).

senseless the Ruffian (Demigod Shapeshifter)        Turns: 4195, Time: 00:09:58

HP:   0/46 (59)     AC:  3    Str: 23    XL:     7   Next: 68%
MP:   9/9           EV: 18    Int: 12    God:
Gold: 220           SH:  0    Dex: 13    Spells: 6/6 levels left

rFire   . .          .
                       - Unarmed
rCold   . . .        (no shield)
rNeg    . . .        v - +1 animal skin
rPois   .            (helmet currently unavailable)
rElec   .            (cloak currently unavailable)
rCorr   .            (gloves currently unavailable)
SInv    .            (boots currently unavailable)
Will    .....        (no amulet)
Stlth   +            j - +5 ring of evasion
HPRegen 0.27/turn    (no ring)
MPRegen 0.11/turn

%: no passive effects
@: beast-form, heavily drained
A: beast (slay +2), high MP 1, forlorn, divine attributes
a: Begin Untransformation


You were on level 5 of the Dungeon.
You were a hulking beast.
You visited 1 branch of the dungeon, and saw 5 of its levels.

You collected 220 gold pieces.

Inventory:

Hand Weapons
 a - a +2 sling
Armour
 i - a +0 pair of boots
 k - a +0 pair of boots
 u - a +0 helmet
 v - a +1 animal skin (worn)
Jewellery
 j - a +5 ring of evasion (left hand)
 p - a ring of ice
Talismans
 c - a beast talisman (active)
 d - a flux talisman
Wands
 b - a wand of flame (19) (quivered)
 q - a wand of roots (1)
Scrolls
 e - 2 scrolls of noise
 l - a scroll of blinking {unknown}
 m - 2 scrolls of fog
 n - a scroll of revelation
Potions
 f - 3 potions of mutation
 g - a potion of resistance
 h - 3 potions of curing
 r - a potion of haste
 s - a potion of might {unknown}
 w - a potion of berserk rage {unknown}


   Skills:
 + Level 4.2 Fighting
 + Level 4.4 Dodging
 + Level 5.0 Unarmed Combat
 + Level 4.6 Shapeshifting


You had 6 spell levels left.
You didn't know any spells.
Your spell library contained the following spells:

 Spells                   Type           Power      Damage    Failure   Level
 Blink                    Tloc           0%         N/A       45%         2
 Lesser Beckoning         Tloc           0%         N/A       45%         2
 Momentum Strike          Conj/Tloc      0%         3d8       45%         2
 Gell's Gravitas          Tloc           0%         N/A       69%         3
 Teleport Other           Tloc           0%         N/A       69%         3


Dungeon Overview and Level Annotations

Branches:
Dungeon (5/15)             Temple (0/1) D:4

Shops:
D:2 (


Innate Abilities, Weirdness & Mutations

You are a hulking beast.
Your limbs bulge with bestial killing power. (Slay +2)
You have an increased reservoir of magic. (+10% MP)
You shall have no god before yourself.
Your divine heritage dramatically boosts your attributes as you level up.


Message History

The wight barely misses you.
You hit the wight.
The wight is moderately damaged.
The wight barely misses you.
You hit the wight but do no damage.
The wight is moderately damaged.
The wight hits you with a +4 halberd!
You feel drained.
You hit the wight but do no damage.
The wight is moderately damaged.
The wight completely misses you.
You completely miss the wight.
The wight is moderately damaged.
The wight hits you with a +4 halberd!
You feel drained.
You are too injured to fight recklessly!
You barely miss the wight.
The wight is moderately damaged.
The wight closely misses you.
You barely miss the wight.
The wight is moderately damaged.
The wight closely misses you.
You hit the wight.
The wight is heavily damaged.
The wight misses you.
You hit the wight.
The wight is severely damaged.
You hit the wight.
The wight is severely damaged.
The wight hits you with a +4 halberd!
* * * LOW HITPOINT WARNING * * *
You feel drained.
* * * LOW HITPOINT WARNING * * *
You hit the wight but do no damage.
The wight is severely damaged.
The wight hits you with a +4 halberd.
* * * LOW HITPOINT WARNING * * *
You feel drained.
You closely miss the wight.
The wight is severely damaged.
The wight hits you with a +4 halberd!
You die...

....#####.........##..#.....#....
....# #.###.###..#..###'##'##'#
....# #...#.................#.#
....# ###.#.##................#
....#######....).#.#...........##
....#######......#.##..........#.
..#..............#.##......>.....
...........###....)..[.........##
###........###..h#.#.............
###<..[(...#####.z..............#
###..[..)..## #...##..........##
.....<.....#####.............#.##
#..........###........#.....##.##
#...........##.#.###......>..#.##
#...[..........#.# #.........#.##
#............###.# ##.#..........
.....######......* #.#........##


You could see a wight.

Vanquished Creatures
  An ice beast (D:5)
  A black bear (D:5)
  An ogre (D:4)
  2 scorpions (D:4)
  2 wights
  2 howler monkeys (D:5)
  A jelly (D:4)
  A hound (D:5)
  An orc priest (D:5)
  Jessica (D:3)
  An orc wizard (D:5)
  Ijyb (D:3)
  Natasha (thrice) (D:4)
  An iguana (D:5)
  Robin (D:3)
  6 adders
  An ufetubus (D:5)
  2 worms
  3 dart slugs
  8 orcs
  11 ball pythons
  8 bats
  7 endoplasms
  3 giant cockroaches
  18 goblins
  10 hobgoblins
  2 quokkas (D:4)
  A frilled lizard (D:1)
  2 kobolds
  4 rats
106 creatures vanquished.

Notes
Turn   | Place    | Note
-------+----------+-------------------------------------------
     0 | D:1      | senseless the Demigod Shapeshifter began the quest for the
                  | Orb.
     0 | D:1      | Reached XP level 1. HP: 15/15 MP: 3/3
    73 | D:1      | Reached skill level 1 in Fighting
   285 | D:1      | Reached XP level 2. HP: 23/23 MP: 4/4
   476 | D:1      | Reached skill level 3 in Unarmed Combat
   811 | D:2      | Found Etarph's Weapon Shoppe.
  1033 | D:2      | Reached XP level 3. HP: 28/28 MP: 5/5
  1774 | D:3      | Noticed Robin
  1793 | D:3      | Noticed Ijyb
  1797 | D:3      | Killed Robin
  1799 | D:3      | HP: 2/43 [Ijyb/puff of flame (7)]
  1809 | D:3      | Killed Ijyb
  1810 | D:3      | Reached XP level 4. HP: 6/36 MP: 6/6
  2015 | D:3      | Noticed Jessica
  2026 | D:3      | Killed Jessica
  2334 | D:4      | Reached XP level 5. HP: 42/42 MP: 7/7
  2399 | D:4      | Found a staircase to the Ecumenical Temple.
  2488 | D:4      | Noticed Natasha
  2499 | D:4      | Killed Natasha
  2500 | D:4      | Reached XP level 6. HP: 35/50 MP: 8/8
  2522 | D:4      | Noticed Natasha
  2552 | D:4      | Killed Natasha
  2553 | D:4      | Reached skill level 4 in Unarmed Combat
  2717 | D:4      | Noticed Natasha
  2735 | D:4      | Killed Natasha
  3075 | D:5      | Entered Level 5 of the Dungeon
  3167 | D:5      | Reached XP level 7. HP: 48/57 MP: 9/9
  3629 | D:5      | HP: 2/55 [wight/+4 halberd (3)]
  4177 | D:5      | Reached skill level 5 in Unarmed Combat
  4195 | D:5      | Slain by a wight

Illustrated notes

Levels and vault maps discovered:
D:1:      pf_arrival_petrified_forest, layout_loops_ring
D:2:      minmay_diamond_boxcup, layout_basic, shapermc_ecumenical_altar_gd,
          serial_shops, nicolae_shop_waterfront
D:3:      layout_rooms, tgw_sif, nicolae_overflow_crystal_walls,
          columned_hall_lemuel, nicolae_goblin_pals
D:4:      kennysheep_the_goblin_king, layout_cave_pools, grunt_qazlal_sundering,
          minmay_temple_entry_hall, uniq_natasha
D:5:      layout_rooms, mainiacjoe_overflow_24_doors,
          mainiacjoe_overflow_alcove_2, dk_rats_in_the_wall

Skill      XL: |  1  2  3  4  5  6  7 |
---------------+----------------------+-----
Fighting       | 1 2 3 4 |  4.2
Dodging        | 2 3 4 |  4.4
Unarmed Combat | 3 4 5 |  5.0
Shapeshifting  | 3 4 |  4.6

Action                     |  1- 3 |  4- 6 |  7- 9 || total
---------------------------+-------+-------+-------++-------
  Melee: Unarmed           |    77 |    94 |    72 ||   243
         Punch             |     3 |     3 |       ||     6
   Fire: Sling             |    82 |    95 |    26 ||   203
    Use: Potion            |     1 |       |       ||     1
         Scroll            |       |    12 |     1 ||    13
 Armour: Animal skin       |    37 |    44 |    45 ||   126
         Skin              |     8 |       |       ||     8
  Dodge: Dodged            |    51 |    96 |    69 ||   216

Table legend: (Time is in decaauts)
 A = Elapsed time spent in this place.
 B = Non-inter-level travel time spent in this place.
 C = Inter-level travel time spent in this place.
 D = Time resting spent in this place.
 E = Time spent auto-exploring this place.
 F = Levels seen in this place.
 G = Mean time per level.
                   A        B        C        D        E       F      G
               +--------+--------+--------+--------+--------+-----+--------+
         Total |   4255 |   4019 |    236 |    518 |   2660 |   5 |  851.0 |
       Dungeon |   4255 |   4019 |    236 |    518 |   2660 |   5 |  851.0 |
               +--------+--------+--------+--------+--------+-----+--------+

Top non-repeatable levels by time:
     D:4: 1438 daAuts
     D:2: 826 daAuts
     D:3: 771 daAuts
     D:1: 696 daAuts
     D:5: 522 daAuts
